| TOP OF THE 1ST |
|
Hickory Crawdads batting - Pitching for Lexington Legends : RHP Matt Voulgaris
|
|
Pitching: RHP Matt Voulgaris
|
|
|
Batting: RHB Rodolfo Contreras
|
0-0: Ball 1-0: Called Strike 1-1: Ball 2-1: Foul Ball, location: 2F 2-2: Ground out 4-3 (Groundball, 4MD, EV 106.3 MPH)
|
|
Batting: SHB Isaiah Cherry
|
0-0: Called Strike 0-1: Foul Ball, location: 2F 0-2: Strikes out swinging
|
|
Batting: LHB Ben Radach
|
0-0: Ball 1-0: Ball 2-0: Ball 3-0: Base on Balls
|
|
Batting: LHB Casper Kersten
|
0-0: Ball 1-0: SINGLE (Groundball, 34D, EV 108.1 MPH) (infield hit) Ben Radach to second
|
|
Batting: LHB Nick Foutz
|
0-0: Called Strike 0-1: Swinging Strike 0-2: Ball 1-2: Foul Ball, location: 2F 1-2: Strikes out looking
|
| Top of the 1st over - 0 runs, 1 hit, 0 errors, 2 left on base; Hickory 0 - Lexington 0 |
| BOTTOM OF THE 1ST |
|
Lexington Legends batting - Pitching for Hickory Crawdads : RHP Edgar Lacombe
|
|
Pitching: RHP Edgar Lacombe
|
|
|
Batting: RHB Danny Weisse
|
0-0: Foul Ball, location: 2F 0-1: Called Strike 0-2: Ball 1-2: Ground out 6-3 (Groundball, 6, EV 104.4 MPH)
|
|
Batting: RHB Taisei Fujii
|
0-0: Ball 1-0: Ground out 4-3 (Groundball, 4S, EV 63.1 MPH)
|
|
Batting: LHB Danny Bailey
|
0-0: Ball 1-0: Ball 2-0: Ball 3-0: Called Strike 3-1: Called Strike 3-2: Base on Balls
|
|
Batting: LHB Ho-win Zhou
|
0-0: Called Strike Danny Bailey is caught stealing 2nd base 2-6
|
| Bottom of the 1st over - 0 runs, 0 hits, 0 errors, 0 left on base; Hickory 0 - Lexington 0 |
| TOP OF THE 2ND |
|
Hickory Crawdads batting - Pitching for Lexington Legends : RHP Matt Voulgaris
|
|
Batting: RHB Jason Swisher
|
0-0: SOLO HOME RUN (Flyball, 9LD, EV 91.3 MPH), Distance : 331 ft
|
|
Batting: RHB Adryão Anto
|
0-0: Called Strike 0-1: Ball 1-1: Ball 2-1: Ball 3-1: Called Strike 3-2: Strikes out swinging
|
|
Batting: RHB Garrison Feltham
|
0-0: Foul Ball, location: 2F 0-1: Bunted foul 0-2: Foul Ball, location: 2F 0-2: Foul Ball, location: 2F 0-2: Ball 1-2: SINGLE (Line Drive, 8RS, EV 108.1 MPH)
|
|
Batting: SHB Santos Renteria
|
0-0: Ball Garrison Feltham steals 2nd base (no throw) 1-0: Ground out 4-3 (Groundball, 4, EV 76.9 MPH) Garrison Feltham to third
|
|
Batting: RHB Rodolfo Contreras
|
0-0: Foul Ball, location: 2F 0-1: Foul Ball, location: 2F 0-2: Ball 1-2: Foul Ball, location: 2F 1-2: Ball 2-2: Foul Ball, location: 2F 2-2: Foul Ball, location: 2F 2-2: Ground out 6-3 (Groundball, 6, EV 104.4 MPH)
|
| Top of the 2nd over - 1 run, 2 hits, 0 errors, 1 left on base; Hickory 1 - Lexington 0 |
| BOTTOM OF THE 2ND |
|
Lexington Legends batting - Pitching for Hickory Crawdads : RHP Edgar Lacombe
|
|
Batting: LHB Ho-win Zhou
|
0-0: Foul Ball, location: 2F 0-1: Ball 1-1: Swinging Strike 1-2: Strikes out looking
|
|
Batting: RHB Kevin Roseen
|
0-0: Foul Ball, location: 2F 0-1: Swinging Strike 0-2: DOUBLE (Groundball, 5L, EV 106.9 MPH)
|
|
Batting: RHB Justin Bonner
|
0-0: Called Strike 0-1: Fly out, F8 (Flyball, 8RS, EV 91.9 MPH)
|
|
Batting: SHB Jared O'Connor
|
0-0: Called Strike 0-1: Ball 1-1: Ball 2-1: 2-RUN HOME RUN (Line Drive, 78XD, EV 108.1 MPH), Distance : 426 ft
|
|
Batting: RHB Andy Urquhart
|
0-0: Called Strike 0-1: Foul Ball, location: 2F 0-2: Strikes out swinging
|
| Bottom of the 2nd over - 2 runs, 2 hits, 0 errors, 0 left on base; Hickory 1 - Lexington 2 |
| TOP OF THE 3RD |
|
Hickory Crawdads batting - Pitching for Lexington Legends : RHP Matt Voulgaris
|
|
Batting: SHB Isaiah Cherry
|
0-0: Called Strike 0-1: Ball 1-1: Called Strike 1-2: Strikes out swinging
|
|
Batting: LHB Ben Radach
|
0-0: Foul Ball, location: 2F 0-1: SINGLE (Groundball, 34D, EV 99.4 MPH)
|
|
Batting: LHB Casper Kersten
|
0-0: Ball 1-0: Foul Ball, location: 2F 1-1: Ball 2-1: Foul Ball, location: 2F 2-2: Ball 3-2: Foul Ball, location: 2F 3-2: Base on Balls Ben Radach to second
|
|
Batting: LHB Nick Foutz
|
0-0: Called Strike 0-1: Called Strike 0-2: Ball 1-2: Strikes out swinging
|
|
Batting: RHB Jason Swisher
|
0-0: Ball 1-0: Foul Ball, location: 2F 1-1: Ball 2-1: Foul Ball, location: 2F 2-2: Ball 3-2: Foul Ball, location: 2F 3-2: Base on Balls Ben Radach to third Casper Kersten to second
|
|
Batting: RHB Adryão Anto
|
0-0: Ball 1-0: Called Strike 1-1: Foul Ball, location: 2F 1-2: Foul Ball, location: 2F 1-2: Ground out 4-3 (Groundball, 4, EV 78.8 MPH)
|
| Top of the 3rd over - 0 runs, 1 hit, 0 errors, 3 left on base; Hickory 1 - Lexington 2 |
| BOTTOM OF THE 3RD |
|
Lexington Legends batting - Pitching for Hickory Crawdads : RHP Edgar Lacombe
|
|
Batting: LHB Josh Moore
|
0-0: Ball 1-0: Called Strike 1-1: Foul Ball, location: 2F 1-2: Ball 2-2: Fly out, F8 (Line Drive, 8LD, EV 94.4 MPH)
|
|
Batting: RHB Danny Weisse
|
0-0: Ball 1-0: Fly out, F3 (Line Drive, 3, EV 71.9 MPH)
|
|
Batting: RHB Taisei Fujii
|
0-0: Ball 1-0: Called Strike 1-1: Ball 2-1: Swinging Strike 2-2: Ground out 5-3 (Groundball, 5L, EV 83.8 MPH)
|
| Bottom of the 3rd over - 0 runs, 0 hits, 0 errors, 0 left on base; Hickory 1 - Lexington 2 |
| TOP OF THE 4TH |
|
Hickory Crawdads batting - Pitching for Lexington Legends : RHP Matt Voulgaris
|
|
Batting: RHB Garrison Feltham
|
0-0: Called Strike 0-1: Foul Ball, location: 2F 0-2: Ball 1-2: Foul Ball, location: 2F 1-2: Ball 2-2: Ball 3-2: Strikes out swinging
|
|
Batting: SHB Santos Renteria
|
0-0: Called Strike 0-1: SINGLE (Groundball, 4MD, EV 96.9 MPH)
|
|
Pitching: RHP Alex Sanders
|
|
|
Batting: RHB Rodolfo Contreras
|
0-0: Ball 1-0: Fly out, F7 (Flyball, 7LS, EV 79.4 MPH)
|
|
Batting: SHB Isaiah Cherry
|
0-0: Ball Santos Renteria steals 2nd base 1-0: Ball 2-0: Foul Ball, location: 2F 2-1: Ground out U3 (Groundball, 34, EV 106.9 MPH)
|
| Top of the 4th over - 0 runs, 1 hit, 0 errors, 1 left on base; Hickory 1 - Lexington 2 |
| BOTTOM OF THE 4TH |
|
Lexington Legends batting - Pitching for Hickory Crawdads : RHP Edgar Lacombe
|
|
Batting: LHB Danny Bailey
|
0-0: Ball 1-0: Foul Ball, location: 2F 1-1: Ball 2-1: Called Strike 2-2: Ground out 4-3 (Groundball, 4, EV 90.6 MPH)
|
|
Batting: LHB Ho-win Zhou
|
0-0: Swinging Strike 0-1: Ball 1-1: Called Strike 1-2: Strikes out swinging
|
|
Batting: RHB Kevin Roseen
|
0-0: Ball 1-0: SINGLE (Flyball, 34D, EV 98.8 MPH)
|
|
Batting: RHB Justin Bonner
|
0-0: Fly out, F9 (Flyball, 9S, EV 91.3 MPH)
|
| Bottom of the 4th over - 0 runs, 1 hit, 0 errors, 1 left on base; Hickory 1 - Lexington 2 |
| TOP OF THE 5TH |
|
Hickory Crawdads batting - Pitching for Lexington Legends : RHP Alex Sanders
|
|
Batting: LHB Ben Radach
|
0-0: Ball 1-0: Called Strike 1-1: Ball 2-1: Ball 3-1: Base on Balls
|
|
Batting: LHB Casper Kersten
|
0-0: Called Strike 0-1: Called Strike 0-2: Ball 1-2: Ball 2-2: Ball 3-2: Foul Ball, location: 2F 3-2: Grounds into double play, 4-6-3 (Groundball, 4, EV 88.8 MPH)
|
|
Batting: LHB Nick Foutz
|
0-0: Ball 1-0: Ball 2-0: Foul Ball, location: 2F 2-1: Foul Ball, location: 2F 2-2: Fly out, F5 (Line Drive, 5, EV 74.4 MPH)
|
| Top of the 5th over - 0 runs, 0 hits, 0 errors, 0 left on base; Hickory 1 - Lexington 2 |
| BOTTOM OF THE 5TH |
|
Lexington Legends batting - Pitching for Hickory Crawdads : RHP Edgar Lacombe
|
|
Batting: SHB Jared O'Connor
|
0-0: Ball 1-0: Called Strike 1-1: Foul Ball, location: 2F 1-2: Hit by Pitch
|
|
Batting: RHB Andy Urquhart
|
0-0: Ball 1-0: Fly out, F7 (Flyball, 7, EV 86.3 MPH)
|
|
Batting: LHB Josh Moore
|
0-0: Ball 1-0: Called Strike 1-1: Fly out, F9 (Flyball, 89D, EV 83.8 MPH)
|
|
Batting: RHB Danny Weisse
|
0-0: Called Strike 0-1: Ball 1-1: Called Strike 1-2: Ball Jared O'Connor is caught stealing 2nd base 2-4
|
| Bottom of the 5th over - 0 runs, 0 hits, 0 errors, 0 left on base; Hickory 1 - Lexington 2 |
| TOP OF THE 6TH |
|
Hickory Crawdads batting - Pitching for Lexington Legends : RHP Alex Sanders
|
|
Batting: RHB Jason Swisher
|
0-0: Called Strike 0-1: Ball 1-1: Ball 2-1: Ball 3-1: Reached on error, E6 (Groundball, 6, EV 109.4 MPH)
|
|
Batting: RHB Adryão Anto
|
0-0: Fielders Choice at 2nd, 2-4 (Groundball, 15S, EV 72.5 MPH)
|
|
Batting: RHB Garrison Feltham
|
0-0: Called Strike 0-1: Ball Adryão Anto is caught stealing 2nd base 2-4 1-1: Swinging Strike 1-2: Ball 2-2: Strikes out looking
|
| Top of the 6th over - 0 runs, 0 hits, 1 error, 0 left on base; Hickory 1 - Lexington 2 |
| BOTTOM OF THE 6TH |
|
Lexington Legends batting - Pitching for Hickory Crawdads : RHP Edgar Lacombe
|
|
Batting: RHB Danny Weisse
|
0-0: Foul Ball, location: 2F 0-1: Called Strike 0-2: Ball 1-2: Ball 2-2: Fly out, F1 (Line Drive, P, EV 68.1 MPH)
|
|
Batting: RHB Taisei Fujii
|
0-0: SINGLE (Groundball, 34D, EV 103.1 MPH)
|
|
Batting: LHB Danny Bailey
|
0-0: Ball 1-0: Ball 2-0: Ball 3-0: Called Strike 3-1: Base on Balls Taisei Fujii to second
|
|
Batting: LHB Ho-win Zhou
|
0-0: Ball 1-0: Foul Ball, location: 2F 1-1: Called Strike 1-2: Foul Ball, location: 2F 1-2: 3-RUN HOME RUN (Flyball, 7D, EV 104.4 MPH), Distance : 374 ft
|
|
Pitching: RHP Nate Nesbitt
|
|
|
Batting: RHB Kevin Roseen
|
0-0: Ball 1-0: Called Strike 1-1: Ball 2-1: Ball 3-1: Foul Ball, location: 2F 3-2: Ground out 6-3 (Groundball, 56D, EV 85.0 MPH)
|
|
Batting: RHB Justin Bonner
|
0-0: Called Strike 0-1: Ball 1-1: Ball 2-1: Fly out, F7 (Flyball, 7LS, EV 89.4 MPH)
|
| Bottom of the 6th over - 3 runs, 2 hits, 0 errors, 0 left on base; Hickory 1 - Lexington 5 |
| TOP OF THE 7TH |
|
Hickory Crawdads batting - Pitching for Lexington Legends : RHP Alex Sanders
|
|
Pitching: RHP Gabe Torres
|
|
|
Batting: SHB Santos Renteria
|
0-0: Called Strike 0-1: Fly out, F9 (Flyball, 9S, EV 87.5 MPH)
|
|
Batting: RHB Rodolfo Contreras
|
0-0: Ground out 6-3 (Groundball, 6, EV 98.8 MPH)
|
|
Batting: SHB Isaiah Cherry
|
0-0: Called Strike 0-1: Ball 1-1: Ball 2-1: Called Strike 2-2: Ball 3-2: Strikes out looking
|
| Top of the 7th over - 0 runs, 0 hits, 0 errors, 0 left on base; Hickory 1 - Lexington 5 |
| BOTTOM OF THE 7TH |
|
Lexington Legends batting - Pitching for Hickory Crawdads : RHP Nate Nesbitt
|
|
Batting: SHB Jared O'Connor
|
0-0: Ball 1-0: Foul Ball, location: 2F 1-1: Ball 2-1: SINGLE (Line Drive, 5D, EV 97.5 MPH)
|
|
Batting: RHB Andy Urquhart
|
0-0: Ball 1-0: Grounds into double play, 6-4-3 (Groundball, 6, EV 86.9 MPH)
|
|
Batting: LHB Josh Moore
|
0-0: Called Strike 0-1: Foul Ball, location: 2F 0-2: Strikes out looking
|
| Bottom of the 7th over - 0 runs, 1 hit, 0 errors, 0 left on base; Hickory 1 - Lexington 5 |
| TOP OF THE 8TH |
|
Hickory Crawdads batting - Pitching for Lexington Legends : RHP Gabe Torres
|
|
Batting: LHB Ben Radach
|
0-0: Ball 1-0: Called Strike 1-1: Ball 2-1: Ball 3-1: Foul Ball, location: 2F 3-2: SINGLE (Groundball, 15S, EV 75.6 MPH) (infield hit)
|
|
Batting: LHB Casper Kersten
|
0-0: Ball 1-0: Swinging Strike 1-1: Foul Ball, location: 2F 1-2: Ball 2-2: Strikes out looking
|
|
Batting: LHB Nick Foutz
|
0-0: Ball 1-0: Called Strike 1-1: Swinging Strike 1-2: Foul Ball, location: 2F 1-2: Strikes out looking
|
|
Batting: RHB Jason Swisher
|
0-0: Called Strike 0-1: Ball 1-1: Ball 2-1: Called Strike 2-2: Ball 3-2: Foul Ball, location: 2F 3-2: SINGLE (Groundball, 6M, EV 110.0 MPH) Ben Radach to second Ben Radach to third
|
|
Pitching: RHP Brian Straub
|
|
|
Batting: RHB Adryão Anto
|
0-0: Ground out 5-3 (Groundball, 56S, EV 93.1 MPH)
|
| Top of the 8th over - 0 runs, 2 hits, 0 errors, 2 left on base; Hickory 1 - Lexington 5 |
| BOTTOM OF THE 8TH |
|
Lexington Legends batting - Pitching for Hickory Crawdads : RHP Nate Nesbitt
|
|
Pitching: RHP Seiichi Yamashita
|
|
|
Batting: RHB Danny Weisse
|
0-0: Fly out, F8 (Flyball, 89M, EV 91.9 MPH)
|
|
Batting: RHB Taisei Fujii
|
0-0: Called Strike 0-1: Ground out 5-3 (Groundball, 56, EV 102.5 MPH)
|
|
Batting: LHB Danny Bailey
|
0-0: Ball 1-0: Ball 2-0: Called Strike 2-1: Fly out, F9 (Flyball, 9LM, EV 105.0 MPH)
|
| Bottom of the 8th over - 0 runs, 0 hits, 0 errors, 0 left on base; Hickory 1 - Lexington 5 |
| TOP OF THE 9TH |
|
Hickory Crawdads batting - Pitching for Lexington Legends : RHP Brian Straub
|
|
Batting: RHB Garrison Feltham
|
0-0: Swinging Strike 0-1: Ball 1-1: SINGLE (Groundball, 4MD, EV 103.8 MPH)
|
|
Batting: SHB Santos Renteria
|
0-0: Swinging Strike 0-1: Foul Ball, location: 2F 0-2: Foul Ball, location: 2F 0-2: Ball 1-2: Fly out, F8 (Flyball, 8RM, EV 84.4 MPH)
|
|
Batting: RHB Rodolfo Contreras
|
0-0: Called Strike 0-1: Ball Passed Ball! Garrison Feltham to second 1-1: Foul Ball, location: 2F 1-2: SINGLE (Line Drive, 4MD, EV 100.0 MPH) Garrison Feltham to third
|
|
Batting: SHB Isaiah Cherry
|
0-0: Swinging Strike 0-1: Foul Ball, location: 2F 0-2: Fly out, F7 (Flyball, 7, EV 93.1 MPH)
|
|
Batting: LHB Ben Radach
|
0-0: Ball 1-0: Fly out, F9 (Flyball, 89S, EV 91.9 MPH)
|
| Top of the 9th over - 0 runs, 2 hits, 0 errors, 2 left on base; Hickory 1 - Lexington 5 |
|